AoeStats
← LowkeyTurkey

Socotra

506986711Analyzed
2v2 RM · 18d ago on Sep 16, 2026· 35m 0s· 4 players
Game mode
Random Map
Map size
Tiny (2 player)
Population
200
Speed
Normal
Resources
Standard
Victory
Conquest
Starting age
Dark Age
Ending age
Imperial Age
RankedLock teamsTeams togetherTeam positionsShared explorationLock speedFull tech treeHidden civsTurbo modeCheats
Victory
Defeat
🇺🇸 Persians · United States
870
+17
🇺🇸 Ethiopians · United States
864
+17
🇺🇸 Japanese · United States
887
-17
🇺🇸 Vikings · United States
879
-17
DefHead
10:37 Feudal Age
11:49 Double-Bit Axe
17:16 Fletching
20:32 Castle Age
19:49 Padded Archer Armor
20:34 Crossbowman
21:20 Thumb Ring
22:01 Bodkin Arrow
23:57 Man-at-Arms
24:39 Squires
24:25 Arson
24:44 Long Swordsman
25:45 Elite Skirmisher
33:03 Bow Saw
32:36 Horse Collar
34:24 Leather Archer Armor
34:19 Scale Barding Armor
34:18 Scale Mail Armor
Meepey
18:35 Loom
22:23 Feudal Age
22:18 Man-at-Arms
24:28 Double-Bit Axe
25:32 Scale Mail Armor
27:28 Fletching
28:40 Padded Archer Armor
30:24 Forging
Red Hot Dabs
15:50 Loom
20:00 Feudal Age
20:42 Double-Bit Axe
20:32 Man-at-Arms
30:22 Fletching
32:44 Padded Archer Armor
LowkeyTurkey
3:08 Loom
11:41 Feudal Age
13:00 Double-Bit Axe
20:54 Fletching
21:05 Padded Archer Armor
27:58 Castle Age
26:12 Stone Mining
28:45 Elite Skirmisher
30:13 Crossbowman
Connection lost

Rejoining the realm…

Still unreachable

The connection could not be restored.

Session expired

The server has moved on; the page needs a fresh start.